woodfighter, chaotic female human Barbarian -------- |......| |.>...`| ------ |.......#######--....| ----.--- #.......## ## |.....| # # |.....| ### # |......#####@# # --....|######M # -.-.--# #### # # ------.--- |{.......| |........-################### |......<.| ---------- woodfighter the Bandit Experience level: 6 Strength: 18 Dexterity: 18 Constitution: 19 Intelligence: 7 Wisdom: 7 Charisma: 6 Health: 0(70) Energy: 15(15) Def: 3 Gold: 1160 Moves: 2791 Dungeon seed: 1EbxcAllSk78XdOl Game ID: woodfighter_1568499525 Your Inventory: Coins $ - 1160 gold pieces Weapons a - a +0 battle-axe (weapon in hands) b - a +0 short sword (alternate weapon; not wielded) v - a +0 dagger Armor e - an uncursed +0 ring mail (being worn) q - an uncursed +0 orcish helm N - an uncursed +0 orcish helm Y - an uncursed +0 robe Comestibles C - an uncursed food ration I - 2 uncursed fortune cookies R - an uncursed carrot Z - an uncursed lizard corpse Scrolls j - an uncursed scroll of enchant weapon m - an uncursed scroll of identify p - an uncursed scroll of earth t - an uncursed scroll of destroy armor u - 2 uncursed scrolls of scare monster x - 2 uncursed scrolls of scare monster D - a blessed scroll of gold detection F - a cursed scroll of teleportation J - an uncursed scroll of charging M - a cursed scroll of enchant armor S - a cursed scroll of create monster T - a cursed scroll of remove curse Spellbooks B - an uncursed spellbook of extra healing Potions d - an uncursed potion of booze g - 2 uncursed potions of water l - a potion of holy water r - 2 potions of unholy water L - an uncursed potion of healing O - an uncursed potion of sleeping P - 2 cursed potions of hallucination Q - an uncursed potion of hallucination Wands h - a wand of secret door detection (0:12) E - a wand of fire (0:5) G - a wand of enlightenment (0:15) K - a wand of create monster (0:11) Tools s - an uncursed blindfold y - an uncursed skeleton key z - an uncursed brass lantern (0:1059) H - an uncursed magic lamp Gems n - an uncursed worthless piece of red glass Spells and supernatural/magical abilities: Name Level Category Fail Memory W - pray for help -- divine ? -- Your skills at the end: Miscellaneous Skills bare handed combat [Basic] Weapon Skills axe [Skilled] short sword [Basic] Spellcasting Skills Final Attributes: You were piously aligned. You were poison resistant. You were telepathic. You are dead. You faced a greater challenge. Vanquished creatures: 2 small mimics a large dog a tengu 2 leprechauns a lizard a dingo a Woodland-elf a soldier ant 3 fog clouds a golden naga hatchling a giant ant 2 floating eyes a kitten a kobold lord an iguana 4 hill orcs a rabid rat a dwarf zombie a wererat a coyote 6 geckos a hobgoblin a giant rat a brown mold a green mold 2 red molds a gnome zombie 2 jackals 2 newts 2 goblins 2 sewer rats a bat 2 lichens a kobold zombie 53 creatures vanquished. Voluntary challenges: You did not adorn yourself with jewelry or accessories. You did not cause conflict. You were not invisible. You did not have reflection. You were not displaced. You were an atheist. You used a wielded weapon 80 times, starting on turn 104. You did not apply a unicorn horn. You did not use plumbed fixtures. You did not drink any magical draughts. You were illiterate. You never genocided any monsters. You never polymorphed an object. You never changed form. You used no wishes. You never split a pudding. You never wrote Elbereth's name. You never violated your personal moral code. Dungeon overview: The Dungeons of Doom: levels 1 to 9 Level 1 (vault) a long staircase Level 2 a general store stairs to The Gnomish Mines Level 3 a fountain Level 4 (water + vault) a fountain Level 5 (water) Level 6 a fountain, a sink Level 7 many fountains Level 8 (grey unicorn) <- You were here a fountain Level 9 (water) an altar to Mitra The Gnomish Mines: Level 3 stairs to The Dungeons of Doom History has recorded: On T:1 you entered the Dungeons of Doom to retrieve the Amulet of Yendor! On T:111 you reached level 2 of The Dungeons of Doom. On T:447 you reached level 1 of The Gnomish Mines. On T:491 you reached level 3 of The Dungeons of Doom. On T:603 you advanced to experience level 2. On T:679 you advanced to experience level 3. On T:687 you advanced to experience level 4. On T:871 you reached level 4 of The Dungeons of Doom. On T:1443 you reached level 5 of The Dungeons of Doom. On T:1447 you advanced to experience level 5. On T:1825 you reached level 6 of The Dungeons of Doom. On T:2136 you advanced to experience level 6. On T:2217 you reached level 7 of The Dungeons of Doom. On T:2590 you reached level 8 of The Dungeons of Doom. On T:2741 you reached level 9 of The Dungeons of Doom. Score breakdown: Gold: 1160 ( 116 points) Experience: 6 levels ( 500 points) Exploration: 9 levels ( 240 points) Discoveries: 26 items ( 1300 points) Variety of kills: 34 monsters ( 1700 points) Major goal: (nothing yet) ( 0 points) Survival: died (score multiplied by 6) Total score: 23136 Latest messages: You hear a distant zap. (2x) You are beginning to feel hungry. You swing your battle-axe in a wide arc. You smite the soldier ant! The soldier ant bites! The soldier ant stings! The soldier ant's sting was poisoned, but it doesn't affect you. The soldier ant bites! The soldier ant stings! You swing your battle-axe in a wide arc. You kill the soldier ant! The gray unicorn butts! The gray unicorn kicks! This candy bar is delicious! You finish eating the candy bar. You stop exploring. You hear someone cursing shoplifters. You stop exploring. You swing your battle-axe in a wide arc. You smite the human mummy! The human mummy scratches you! (2x) You swing your battle-axe in a wide arc. You smite the human mummy! The human mummy scratches you! You die... Final status: Goodbye woodfighter the Barbarian, killed by a human mummy... You died in The Dungeons of Doom on dungeon level 8 with 23136 points, and 1160 pieces of gold, after 2791 moves. You were level 6 with a maximum of 70 hit points when you died.